SKY
PHILADELPHIA PHILLIES @ MONTREAL EXPOS
02/20/2052
 
TOP OF THE 1ST
Philadelphia Phillies batting - Pitching for Montreal Expos : RHP E.J. Rombough
Pitching: RHP E.J. Rombough
Batting: LHB George Copa 0-0: Fly out, F8 (Flyball, 8RD, EV 88.1 MPH)
Batting: RHB Gilbert Lee 0-0: SINGLE (Groundball, 34, EV 94.4 MPH) (infield hit)
Batting: LHB Rio Ramos 0-0: Ball
1-0: Swinging Strike
1-1: Ball
2-1: Ball
3-1: Called Strike
3-2: Foul Ball, location: 3F
3-2: Foul Ball, location: 3F
3-2: Base on Balls
Gilbert Lee to second
Pitching: RHP Reuben Olvera
Batting: LHB Monte Baker 0-0: Called Strike
0-1: Ball
1-1: Swinging Strike
1-2: Foul Ball, location: 2F
1-2: Ball
2-2: Strikes out swinging
Batting: RHB Josiah Mandel 0-0: Called Strike
0-1: Foul Ball, location: 5SF
0-2: Ball
1-2: Fly out, F8 (Flyball, 78S, EV 88.1 MPH)
Top of the 1st over - 0 runs, 1 hit, 0 errors, 2 left on base; Philadelphia 0 - Montreal 0
BOTTOM OF THE 1ST
Montreal Expos batting - Pitching for Philadelphia Phillies : RHP Will Wachter
Pitching: RHP Will Wachter
Batting: RHB Bassett Kries 0-0: Ball
1-0: Bunted foul
1-1: Fly out, F6 (Popup, 6M, EV 28.1 MPH)
Batting: RHB Sebastian Reber 0-0: Ball
1-0: Ground out 4-3 (Groundball, 4, EV 89.4 MPH)
Batting: RHB Jesse McCabe 0-0: Ball
1-0: Ball
2-0: Ball
3-0: Base on Balls
Batting: LHB Augustin Urena 0-0: Called Strike
0-1: Foul Ball, location: 5DF
0-2: Strikes out looking
Bottom of the 1st over - 0 runs, 0 hits, 0 errors, 1 left on base; Philadelphia 0 - Montreal 0
TOP OF THE 2ND
Philadelphia Phillies batting - Pitching for Montreal Expos : RHP Reuben Olvera
Batting: RHB Marc Simms 0-0: Ball
1-0: SINGLE (Groundball, 6MD, EV 106.3 MPH)
Batting: LHB Oliver Sierra 0-0: Called Strike
0-1: Ball
1-1: Foul Ball, location: 2F
1-2: Foul Ball, location: 2RF
1-2: SINGLE (Line Drive, 4M, EV 94.4 MPH)
Marc Simms to second
Batting: RHB Andy Henry 0-0: Foul Ball, location: 2F
0-1: Ball
1-1: SINGLE (Groundball, 34D, EV 105.0 MPH) (infield hit)
Marc Simms to third
Oliver Sierra to second
Batting: RHB B.J. Pelletier 0-0: Called Strike
0-1: Swinging Strike
0-2: Ball
1-2: SINGLE (Groundball, 4MD, EV 97.5 MPH)
Marc Simms scores
Oliver Sierra to third
Andy Henry to second
Pitching: RHP Roger Danton
Batting: LHB George Copa 0-0: Ball
1-0: Foul Ball, location: 2F
1-1: Ball
2-1: Ball
3-1: Foul Ball, location: 2F
3-2: Base on Balls
Oliver Sierra scores
Andy Henry to third
B.J. Pelletier to second
Batting: RHB Gilbert Lee 0-0: SINGLE (Groundball, 56D, EV 103.1 MPH)
Andy Henry scores
B.J. Pelletier to third
George Copa to second
Batting: LHB Rio Ramos 0-0: Called Strike
0-1: Fly out, F9 (Flyball, 9D, EV 88.8 MPH)
Throwing error, E9
B.J. Pelletier scores
George Copa to third
Gilbert Lee to second
Batting: LHB Monte Baker 0-0: Called Strike
0-1: Ground out 4-3 (Groundball, 34, EV 78.8 MPH)
George Copa scores
Gilbert Lee to third
Batting: RHB Josiah Mandel 0-0: Ball
1-0: Called Strike
1-1: Called Strike
1-2: Foul Ball, location: 7LDF
1-2: Ground out U3 (Groundball, 23, EV 88.8 MPH)
Top of the 2nd over - 5 runs, 5 hits, 1 error, 1 left on base; Philadelphia 5 - Montreal 0
BOTTOM OF THE 2ND
Montreal Expos batting - Pitching for Philadelphia Phillies : RHP Will Wachter
Batting: RHB Jin-Seo Yun 0-0: Ball
1-0: Foul Ball, location: 5FF
1-1: Fly out, F9 (Flyball, 9LM, EV 106.9 MPH)
Batting: LHB Hugo Texido 0-0: Ball
1-0: Ball
2-0: Foul Ball, location: 3DF
2-1: Fly out, F3 (Popup, 3, EV 69.4 MPH)
Batting: SHB Dylan Jakab 0-0: Ball
1-0: Ground out 1-3 (Groundball, 15S, EV 65.0 MPH)
Bottom of the 2nd over - 0 runs, 0 hits, 0 errors, 0 left on base; Philadelphia 5 - Montreal 0
TOP OF THE 3RD
Philadelphia Phillies batting - Pitching for Montreal Expos : RHP Roger Danton
Batting: RHB Marc Simms 0-0: Ball
1-0: Ball
2-0: Swinging Strike
2-1: Called Strike
2-2: Foul Ball, location: 2F
2-2: Foul Ball, location: 7LMFF
2-2: Strikes out swinging
Pitching: RHP Matthew Logan
Batting: LHB Oliver Sierra 0-0: Called Strike
0-1: Ball
1-1: Swinging Strike
1-2: Ball
2-2: Ball
3-2: Base on Balls
Batting: RHB Andy Henry 0-0: Ball
1-0: DOUBLE (Line Drive, 7LS, EV 93.8 MPH)
Oliver Sierra to third
Runner from 3rd tries for Home, SAFE, throw by LF to home
Batting: RHB B.J. Pelletier 0-0: Foul Ball, location: 5F
0-1: Ball
1-1: Fly out, F3 (Popup, 23F, EV 83.8 MPH)
Pinch Hitting: RHB Karter Williams 0-0: Called Strike
0-1: Foul Ball, location: 3FF
0-2: Strikes out swinging
Top of the 3rd over - 1 run, 1 hit, 0 errors, 1 left on base; Philadelphia 6 - Montreal 0
BOTTOM OF THE 3RD
Montreal Expos batting - Pitching for Philadelphia Phillies : RHP Will Wachter
Now in CF: Karter Williams
Batting: SHB Ben McKim 0-0: Ball
1-0: Called Strike
1-1: Called Strike
1-2: Ball
2-2: Ball
3-2: Strikes out swinging
Batting: LHB Samuel Banda 0-0: Ball
1-0: Ball
2-0: Ball
3-0: Base on Balls
Batting: RHB Bassett Kries 0-0: Foul Ball, location: 2F
0-1: DOUBLE (Line Drive, 7LS, EV 95.0 MPH)
Samuel Banda to third
Batting: RHB Sebastian Reber 0-0: Called Strike
0-1: SINGLE (Groundball, 6MD, EV 102.5 MPH)
Samuel Banda scores
Bassett Kries to third
Batting: RHB Jesse McCabe 0-0: Swinging Strike
0-1: Foul Ball, location: 5F
0-2: Ball
1-2: Strikes out looking
Batting: LHB Augustin Urena 0-0: Ball
1-0: Ball
2-0: Swinging Strike
Passed Ball!
Bassett Kries scores
Sebastian Reber to second
2-1: Foul Ball, location: 7LSF
2-2: Foul Ball, location: 2F
2-2: Strikes out swinging
Bottom of the 3rd over - 2 runs, 2 hits, 0 errors, 1 left on base; Philadelphia 6 - Montreal 2
TOP OF THE 4TH
Philadelphia Phillies batting - Pitching for Montreal Expos : RHP Matthew Logan
Batting: RHB Gilbert Lee 0-0: Fly out, F9 (Line Drive, 9, EV 89.4 MPH)
Pinch Hitting: RHB Liam Lyons 0-0: Ground out 5-3 (Groundball, 56, EV 103.8 MPH)
Pinch Hitting: RHB Marty Booz 0-0: Called Strike
0-1: Ball
1-1: Called Strike
1-2: Foul Ball, location: 23F
1-2: Ball
2-2: Strikes out swinging
Top of the 4th over - 0 runs, 0 hits, 0 errors, 0 left on base; Philadelphia 6 - Montreal 2
BOTTOM OF THE 4TH
Montreal Expos batting - Pitching for Philadelphia Phillies : RHP Will Wachter
Now at 1B: Justin Morgan
Now in RF: Marty Booz
Batting: RHB Jin-Seo Yun 0-0: Called Strike
0-1: Ball
1-1: SINGLE (Line Drive, 6D, EV 101.9 MPH)
Batting: LHB Hugo Texido 0-0: Foul Ball, location: 2F
0-1: SINGLE (Line Drive, 89S, EV 107.5 MPH)
Jin-Seo Yun to second
Batting: SHB Dylan Jakab 0-0: Ball
1-0: DOUBLE (Line Drive, 89XD, EV 105.6 MPH)
Jin-Seo Yun scores
Hugo Texido to third
Runner from 3rd tries for Home, SAFE, throw by RF to home
Batting: SHB Ben McKim 0-0: Swinging Strike
0-1: Ball
1-1: Foul Ball, location: 7LSF
1-2: Foul Ball, location: 3DF
1-2: Foul Ball, location: 3FF
1-2: Foul Ball, location: 25F
1-2: Strikes out swinging
Pitching: RHP Peyton Watson
Batting: LHB Samuel Banda 0-0: Foul Ball, location: 7LSF
0-1: Ball
1-1: Swinging Strike
1-2: Ball
2-2: Foul Ball, location: 2F
2-2: Fly out, F5 (Line Drive, 56, EV 68.1 MPH)
Batting: RHB Bassett Kries 0-0: Ground out 4-3 (Groundball, 4S, EV 87.5 MPH)
Bottom of the 4th over - 2 runs, 3 hits, 0 errors, 1 left on base; Philadelphia 6 - Montreal 4
TOP OF THE 5TH
Philadelphia Phillies batting - Pitching for Montreal Expos : RHP Matthew Logan
Pitching: LHP J.D. Taylor
Now at 1B: Elwood Sehi
Now at 2B: A.J. Comings
Now at 3B: Hugo Texido
Now in LF: Judah Weller
Now in RF: Graham Heimberger
Pinch Hitting: RHB Kyle Negulescu 0-0: Ball
1-0: Ball
2-0: Ground out 2-3 (Groundball, 2R, EV 70.0 MPH)
Batting: RHB Kayden Rainwater 0-0: SINGLE (Groundball, 6MD, EV 105.6 MPH)
Batting: LHB Oliver Sierra 0-0: Ball
1-0: Ball
2-0: Ball
3-0: Base on Balls
Kayden Rainwater to second
Pinch Hitting: LHB Colt Agner 0-0: Ball
1-0: Ball
2-0: Ball
3-0: Foul Ball, location: 5SF
3-1: Called Strike
3-2: Fly out, F7 (Flyball, 78XD, EV 103.1 MPH)
Batting: RHB B.J. Pelletier 0-0: Ball
1-0: Ground out 4-3 (Groundball, 4, EV 110.6 MPH)
Top of the 5th over - 0 runs, 1 hit, 0 errors, 2 left on base; Philadelphia 6 - Montreal 4
BOTTOM OF THE 5TH
Montreal Expos batting - Pitching for Philadelphia Phillies : RHP Peyton Watson
Pitching: RHP Andy McCarthy
Now at C: J.C. Gates
Now at 3B: Oliver Sierra
Now at SS: Kyle Negulescu
Now in LF: Colt Agner
Pinch Hitting: RHB Kevin Holly 0-0: Ground out 6-3 (Groundball, 6, EV 95.6 MPH)
Batting: RHB Judah Weller 0-0: Ball
1-0: Ball
2-0: Foul Ball, location: 2F
2-1: Ground out U3 (Groundball, 34, EV 108.1 MPH)
Batting: LHB Jake Tarver 0-0: Swinging Strike
0-1: SINGLE (Groundball, 34D, EV 105.0 MPH)
Pinch Hitting: LHB Kim Tobias 0-0: Called Strike
0-1: Called Strike
0-2: Ball
1-2: Ball
2-2: Foul Ball, location: 3DF
2-2: Strikes out swinging
Bottom of the 5th over - 0 runs, 1 hit, 0 errors, 1 left on base; Philadelphia 6 - Montreal 4
TOP OF THE 6TH
Philadelphia Phillies batting - Pitching for Montreal Expos : LHP J.D. Taylor
Now at 1B: Kim Tobias
Now in CF: Kevin Holly
Now in RF: Elwood Sehi
Batting: RHB Karter Williams 0-0: Called Strike
0-1: Fly out, F8 (Flyball, 8LM, EV 89.4 MPH)
Batting: RHB Gilbert Lee 0-0: Ball
1-0: Ball
2-0: Ball
3-0: Called Strike
3-1: Foul Ball, location: 5DF
3-2: Strikes out looking
Batting: RHB Justin Morgan 0-0: Fly out, F8 (Flyball, 8LD, EV 110.0 MPH)
Top of the 6th over - 0 runs, 0 hits, 0 errors, 0 left on base; Philadelphia 6 - Montreal 4
BOTTOM OF THE 6TH
Montreal Expos batting - Pitching for Philadelphia Phillies : RHP Andy McCarthy
Pitching: RHP Alonzo Panico
Batting: LHB Hugo Texido 0-0: Ball
1-0: SINGLE (Groundball, 6MD, EV 103.8 MPH)
Batting: SHB Dylan Jakab 0-0: Foul Ball, location: 2F
0-1: Ball
1-1: Fly out, F7 (Flyball, 7S, EV 94.4 MPH)
Batting: SHB Elwood Sehi 0-0: Called Strike
0-1: Ball
1-1: Ball
2-1: Ball
3-1: Swinging Strike
3-2: Fielders Choice at 2nd, 4-6 (Groundball, 4, EV 90.0 MPH)
Pinch Hitting: RHB Owen Dyche 0-0: Ball
1-0: Ball
2-0: Called Strike
2-1: Fielders Choice at 2nd, 5-4 (Groundball, 56, EV 80.0 MPH)
Bottom of the 6th over - 0 runs, 1 hit, 0 errors, 1 left on base; Philadelphia 6 - Montreal 4
TOP OF THE 7TH
Philadelphia Phillies batting - Pitching for Montreal Expos : LHP J.D. Taylor
Pitching: LHP Israel Cantwell
Now at 2B: Owen Dyche
Now at SS: A.J. Comings
Batting: RHB Marty Booz 0-0: Ball
1-0: Swinging Strike
1-1: Ball
2-1: Foul Ball, location: 2F
2-2: Strikes out swinging
Batting: RHB Kyle Negulescu 0-0: Foul Ball, location: 3F
0-1: Ball
1-1: Swinging Strike
1-2: Strikes out swinging
Batting: RHB Kayden Rainwater 0-0: Ground out 6-3 (Groundball, 6, EV 103.1 MPH)
Top of the 7th over - 0 runs, 0 hits, 0 errors, 0 left on base; Philadelphia 6 - Montreal 4
BOTTOM OF THE 7TH
Montreal Expos batting - Pitching for Philadelphia Phillies : RHP Alonzo Panico
Pitching: RHP Isaiah Williams
Batting: SHB A.J. Comings 0-0: Fly out, F7 (Flyball, 7, EV 94.4 MPH)
Pitching: RHP Rodrigo Rodríguez
Batting: RHB Kevin Holly 0-0: Foul Ball, location: 3F
0-1: Ball
1-1: Foul Ball, location: 9LMF
1-2: Ball
2-2: Strikes out swinging
Batting: RHB Judah Weller 0-0: SINGLE (Groundball, 6D, EV 86.3 MPH) (infield hit)
Batting: LHB Jake Tarver 0-0: Ball
1-0: Ball
2-0: Ball
3-0: Called Strike
3-1: Foul Ball, location: 7LDF
3-2: Base on Balls
Judah Weller to second
Batting: LHB Kim Tobias 0-0: Ball
1-0: Ball
2-0: Fly out, F7 (Flyball, 78XD, EV 98.8 MPH)
Bottom of the 7th over - 0 runs, 1 hit, 0 errors, 2 left on base; Philadelphia 6 - Montreal 4
TOP OF THE 8TH
Philadelphia Phillies batting - Pitching for Montreal Expos : LHP Israel Cantwell
Batting: LHB Oliver Sierra 0-0: Ball
1-0: Foul Ball, location: 2F
1-1: Foul Ball, location: 2F
1-2: Ball
2-2: Ball
3-2: SINGLE (Flyball, 8LM, EV 94.4 MPH)
Batting: LHB Colt Agner 0-0: Ball
1-0: Ball
2-0: Swinging Strike
2-1: Foul Ball, location: 3SF
2-2: Foul Ball, location: 7LMF
2-2: Ball
3-2: SINGLE (Line Drive, 4MD, EV 96.3 MPH)
Oliver Sierra to second
Batting: RHB J.C. Gates 0-0: Called Strike
0-1: Ball
1-1: Ball
2-1: Ball
3-1: Base on Balls
Oliver Sierra to third
Colt Agner to second
Batting: RHB Karter Williams 0-0: Fly out, F7 (Flyball, 78M, EV 94.4 MPH)
Runner from 3rd tags up, SCORES, throw by LF
Batting: RHB Gilbert Lee 0-0: Called Strike
0-1: Ball
1-1: Fly out, F9 (Flyball, 9S, EV 80.6 MPH)
Batting: RHB Justin Morgan 0-0: Fly out, F9 (Line Drive, 9S, EV 96.9 MPH)
Top of the 8th over - 1 run, 2 hits, 0 errors, 2 left on base; Philadelphia 7 - Montreal 4
BOTTOM OF THE 8TH
Montreal Expos batting - Pitching for Philadelphia Phillies : RHP Rodrigo Rodríguez
Batting: LHB Hugo Texido 0-0: Ball
1-0: Called Strike
1-1: Called Strike
1-2: Ground out 6-3 (Groundball, 6M, EV 89.4 MPH)
Batting: SHB Dylan Jakab 0-0: Called Strike
0-1: Ball
1-1: Ball
2-1: Fly out, F7 (Flyball, 78M, EV 90.6 MPH)
Batting: SHB Elwood Sehi 0-0: Ball
1-0: Swinging Strike
1-1: Foul Ball, location: 2F
1-2: Ball
2-2: Strikes out looking
Bottom of the 8th over - 0 runs, 0 hits, 0 errors, 0 left on base; Philadelphia 7 - Montreal 4
TOP OF THE 9TH
Philadelphia Phillies batting - Pitching for Montreal Expos : LHP Israel Cantwell
Pitching: RHP J.P. Angulo
Pinch Hitting: LHB Noah Powell 0-0: Called Strike
0-1: Swinging Strike
0-2: Strikes out swinging
Batting: RHB Kyle Negulescu 0-0: Called Strike
0-1: Ball
1-1: Foul Ball, location: 9LDF
1-2: Ball
2-2: Ball
3-2: DOUBLE (Line Drive, 78M, EV 93.8 MPH)
Batting: RHB Trent Williams 0-0: Ball
Kyle Negulescu steals 3rd base
1-0: Called Strike
1-1: Ground out 1-3 (Groundball, 13S, EV 63.1 MPH)
Batting: LHB Oliver Sierra 0-0: Called Strike
0-1: Ball
1-1: Ball
2-1: Foul Ball, location: 2F
2-2: Strikes out swinging
Top of the 9th over - 0 runs, 1 hit, 0 errors, 1 left on base; Philadelphia 7 - Montreal 4
BOTTOM OF THE 9TH
Montreal Expos batting - Pitching for Philadelphia Phillies : RHP Rodrigo Rodríguez
Pitching: RHP John Matthew
Now in RF: Noah Powell
Batting: RHB Owen Dyche 0-0: Called Strike
0-1: Called Strike
0-2: DOUBLE (Groundball, 3L, EV 107.5 MPH)
Pinch Hitting: LHB Curt Skora 0-0: Ball
1-0: Called Strike
1-1: Called Strike
1-2: Ground out 4-3 (Groundball, 4M, EV 80.6 MPH)
Owen Dyche to third
Batting: RHB Kevin Holly 0-0: Called Strike
0-1: Ball
1-1: Ball
2-1: 2-RUN HOME RUN (Flyball, 78XD, EV 113.8 MPH), Distance : 446 ft
Pinch Hitting: RHB Devern González 0-0: Called Strike
0-1: Swinging Strike
0-2: Ball
1-2: Strikes out swinging
Batting: RHB Aaron Bardales 0-0: Called Strike
0-1: Ball
1-1: Foul Ball, location: 2F
1-2: Ball
2-2: Ball
3-2: Ground out 6-3 (Groundball, 56S, EV 88.8 MPH)
Bottom of the 9th over - 2 runs, 2 hits, 0 errors, 0 left on base; Philadelphia 7 - Montreal 6
Saturday, April 13th , 2024 - OOTP Baseball 24.11 Build 85